 Dungeon Crawl Stone Soup version 0.28-a0-592-g6fc52098c6 (webtiles) character file.

Game seed: 3017658900689439965

20 KristoblXynda the Ducker (level 2, -1/16 HPs)
             Began as a Spriggan Monk on Oct 4, 2021.
             Slain by a gnoll (7 damage)
             ... on level 1 of the Dungeon.
             The game lasted 00:00:50 (656 turns).

KristoblXynda the Ducker (Spriggan Monk)             Turns: 656, Time: 00:00:50

Health: -1/16      AC:  2    Str:  7    XL:     2   Next: 58%
Magic:  3/3        EV: 19    Int: 11    God:
Gold:   46         SH:  0    Dex: 17    Spells: 1/1 levels left

rFire   . . .      SeeInvis +   g - +1 dagger (drain)
rCold   . . .      Faith    .   (shield restricted)
rNeg    . . .      Spirit   .   b - +0 robe
rPois   .          Reflect  .   (helmet restricted)
rElec   .          Harm     .   (no cloak)
rCorr   .          Rampage  .   (gloves unavailable)
Will    .....                   (boots unavailable)
Stlth   +++.......              (no amulet)
HPRegen 0.05/turn               (no ring)
MPRegen 0.08/turn               (no ring)

@: very quick
A: very small, no large weapons, unfitting armour, see invisible, speed 3
a: no special abilities


You were on level 1 of the Dungeon.
You visited 1 branch of the dungeon, and saw 1 of its levels.

You collected 46 gold pieces.

Inventory:

Hand Weapons
 g - a +1 dagger of draining (weapon)
Armour
 b - a +0 robe (worn)
Scrolls
 d - a scroll of acquirement {unknown}
Potions
 a - a potion of haste {unknown}
 c - a potion of ambrosia {unknown}
 e - a potion of curing {unknown}
 f - a potion of heal wounds {unknown}


   Skills:
 + Level 2.6 Fighting
 + Level 3.6 Short Blades
 + Level 4.3 Dodging
 + Level 3.5 Stealth


You had one spell level left.
You didn't know any spells.
Your spell library was empty.

Dungeon Overview and Level Annotations

Branches:
Dungeon (1/15)

Altars:


Innate Abilities, Weirdness & Mutations

You are very small and have problems with some larger weapons.
You are too small for most types of armour.
You have supernaturally acute eyesight. (SInv)
You cover ground extremely quickly. (Speed+++)


Message History

You hit the jackal.
The jackal is moderately wounded.
The jackal closely misses you. The giant cockroach misses you.
You hit the jackal. You drain the jackal.
The jackal is almost dead.
The jackal closely misses you.
The giant cockroach bites you but does no damage.
You hit the jackal.
You kill the jackal!
The giant cockroach misses you.
You hit the giant cockroach but do no damage.
You drain the giant cockroach.
The giant cockroach is heavily wounded.
The giant cockroach misses you.
You hit the giant cockroach but do no damage.
The giant cockroach is heavily wounded.
The giant cockroach barely misses you.
You barely miss the giant cockroach.
The giant cockroach is heavily wounded.
The giant cockroach completely misses you.
You hit the giant cockroach.
The giant cockroach is severely wounded.
The giant cockroach barely misses you.
You hit the giant cockroach but do no damage.
The giant cockroach is severely wounded.
A gnoll comes into view. It is wielding a +0 spear.
The giant cockroach closely misses you.
You hit the giant cockroach but do no damage.
You drain the giant cockroach.
You kill the giant cockroach!
The gnoll hits you with a +0 spear.
You barely miss the gnoll. The gnoll misses you.
A gnoll is nearby!
A gnoll is nearby!
Unknown command.
You barely miss the gnoll. The gnoll completely misses you.
You barely miss the gnoll. You hit the gnoll but do no damage.
The gnoll hits you with a +0 spear!
The gnoll hits you from afar with a +0 spear!
You die...

#..........†..# #.###########.#
#.# #.# ... #.# #.# ..# #.#
####.# ..#
#.####.###....######..#
#...#.............g...# #P #P#
###.#..###.####.......# ... ...
#.#..#........@.....###P###P###
#.#.(#.###.#..(.....#P.P._P..P
#.#...........#.###.###P###P###
#.#..####.....#.##..#......P..#
#.#...........#.....#P#P#)#P#.#
#.##.#..#.#)..#.##..#.........#
#.#.....#.#...#.###.###.###)###
#....#....#...#.###.#.........#
###...........#................


You could see a gnoll.

Vanquished Creatures
  A ball python (D:1)
  2 giant cockroaches (D:1)
  4 goblins (D:1)
  3 jackals (D:1)
  3 kobolds (D:1)
  2 bats (D:1)
  A frilled lizard (D:1)
  A rat (D:1)
17 creatures vanquished.

Notes
Turn   | Place    | Note
-------+----------+-------------------------------------------
     0 | D:1      | KristoblXynda the Spriggan Monk began the quest for the
                  | Orb.
     0 | D:1      | Reached XP level 1. HP: 11/11 MP: 2/2
   517 | D:1      | Reached XP level 2. HP: 16/16 MP: 3/3
   536 | D:1      | Found a faded altar of an unknown god.
   656 | D:1      | Slain by a gnoll

Illustrated notes

Levels and vault maps discovered:
D:1:      dpeg_arrival_water_fire, layout_basic,
          shapermc_ecumenical_altar_mp_urbaneastern, minmay_tall_x

Action                   || total
-------------------------++-------
Melee: Short sword       ||    40
       Dagger            ||    23
 Stab: Sleeping          ||     4
Armor: Robe              ||     8
Dodge: Dodged            ||    60

Table legend: (Time is in decaauts)
 A = Elapsed time spent in this place.
 B = Non-inter-level travel time spent in this place.
 C = Inter-level travel time spent in this place.
 D = Time resting spent in this place.
 E = Time spent auto-exploring this place.
 F = Levels seen in this place.
 G = Mean time per level.
                   A        B        C        D        E       F      G
               +--------+--------+--------+--------+--------+-----+--------+
         Total |    521 |    521 |      0 |    154 |    247 |   1 |  521.0 |
       Dungeon |    521 |    521 |      0 |    154 |    247 |   1 |  521.0 |
               +--------+--------+--------+--------+--------+-----+--------+

Top non-repeatable levels by time:
     D:1: 521 daAuts
